AoeStats
← Maxtol

Yucatan

510304637Analyzed
2v2 RM · 2d ago on Sep 30, 2026· 115m 16s· 4 players
Game mode
Random Map
Map size
Medium (4 player)
Population
200
Speed
Normal
Resources
Standard
Victory
Conquest
Starting age
Dark Age
Ending age
Imperial Age
RankedLock teamsTeams togetherTeam positionsShared explorationLock speedFull tech treeHidden civsTurbo modeCheats
Victory
Defeat
🇫🇷 Maya · France
859
+19
🇫🇷 Franks · France
844
+19
🇫🇮 Lithuanians · Finland
920
-19
🇫🇮 Poles · Finland
910
-19
Maxtol
8:01 Loom
11:07 Feudal Age
16:53 Castle Age
16:16 Wheelbarrow
21:46 Hand Cart
21:17 Town Watch
21:49 Double-Bit Axe
22:18 Forging
22:14 Scale Barding Armor
25:44 Husbandry
25:05 Light Cavalry
27:21 Bow Saw
28:16 Town Patrol
28:32 Stone Mining
28:34 Gold Mining
33:34 Chain Barding Armor
33:49 Iron Casting
34:27 Gold Shaft Mining
35:40 Ballistics
37:32 Scale Mail Armor
40:07 Imperial Age
40:20 Chain Mail Armor
40:18 Cavalier
45:03 Chemistry
49:26 Plate Barding Armor
49:51 Blast Furnace
49:22 Plate Mail Armor
48:16 Ordonnance Companies
48:58 Chivalry
49:10 Paladin
50:08 Elite Throwing Axeman
57:24 Padded Archer Armor
57:15 Fletching
57:09 Treadmill Crane
65:49 Pikeman
65:50 Man-at-Arms
67:11 Halberdier
67:11 Long Swordsman
67:37 Gambesons
68:11 Leather Archer Armor
67:51 Bodkin Arrow
75:56 Two-Handed Swordsman
87:12 Hoardings
86:58 Champion
99:49 Caravan
100:19 Coinage
100:41 Coinage
100:11 Caravan
Thomax
10:34 Feudal Age
14:37 Castle Age
19:58 Pikeman
23:28 Double-Bit Axe
25:27 Horse Collar
28:44 Wheelbarrow
32:19 Imperial Age
29:40 Town Watch
30:01 Scale Mail Armor
30:17 Heavy Plow
30:38 Bow Saw
30:05 Eagle Warrior
31:58 Squires
31:46 Arson
32:14 Forging
33:21 Elite Eagle Warrior
34:33 Conscription
34:56 Iron Casting
34:46 Ballistics
33:51 Elite Skirmisher
35:14 Gold Mining
35:20 Stone Mining
36:56 Blast Furnace
37:26 Chemistry
36:37 Masonry
38:04 Halberdier
39:29 Chain Mail Armor
40:00 Stone Shaft Mining
40:29 Hand Cart
41:37 Plate Mail Armor
43:02 Holcans
43:16 Town Patrol
42:43 Capped Ram
44:08 Architecture
44:44 Hoardings
44:11 Siege Ram
47:41 Sappers
64:05 Fortified Wall
91:07 Caravan
96:07 Fletching
xFabio
6:44 Loom
11:26 Feudal Age
11:53 Double-Bit Axe
18:43 Castle Age
18:38 Bloodlines
18:31 Horse Collar
18:44 Light Cavalry
19:46 Scale Barding Armor
27:07 Heavy Plow
28:44 Thumb Ring
36:05 Imperial Age
36:09 Pikeman
36:18 Elite Obuch
36:31 Winged Hussar
37:38 Chain Barding Armor
41:18 Crop Rotation
41:49 Elite Obuch
48:54 Man-at-Arms
51:51 Elite Skirmisher
51:53 Crossbowman
55:01 Szlachta Privileges
55:22 Lechitic Legacy
55:55 Fletching
56:05 Padded Archer Armor
55:40 Heavy Mounted Crossbowman
56:50 Onager
102:10 Arbalester
Fenrir
5:47 Loom
10:12 Feudal Age
11:47 Double-Bit Axe
13:28 Wheelbarrow
12:39 Horse Collar
20:17 Castle Age
20:38 Scale Barding Armor
20:45 Forging
21:42 Chain Barding Armor
22:54 Bow Saw
23:23 Iron Casting
24:45 Bloodlines
26:48 Heavy Plow
27:33 Gold Mining
28:53 Pikeman
33:01 Hand Cart
36:43 Imperial Age
34:01 Town Watch
37:59 Plate Barding Armor
36:47 Cavalier
37:28 Husbandry
37:01 Capped Ram
40:21 Chemistry
39:42 Ballistics
39:18 Murder Holes
39:26 Paladin
41:46 Halberdier
42:37 Scale Mail Armor
43:37 Squires
43:24 Arson
44:06 Bombard Tower
44:31 Stone Mining
45:57 Caravan
52:03 Light Cavalry
53:21 Man-at-Arms
54:02 Long Swordsman
54:51 Elite Leitis
58:40 Two-Man Saw
57:28 Two-Handed Swordsman
61:07 Champion
63:46 Winged Hussar
91:56 Fletching
92:07 Padded Archer Armor
103:47 Crop Rotation
104:18 Bombard Tower
Connection lost

Rejoining the realm…

Still unreachable

The connection could not be restored.

Session expired

The server has moved on; the page needs a fresh start.